 Dungeon Crawl Stone Soup version 0.31.0-11-ge490571c62 (webtiles) character file.

Game seed: 12163190285417306054

709 ces the Shooter (level 7, -4/36 HPs)
             Began as a Spriggan Hunter on Jan 26, 2024.
             Was an Initiate of Gozag.
             Shot with an arrow by a centaur (12 damage)
             ... on level 6 of the Dungeon.
             The game lasted 00:08:34 (4328 turns).

ces the Shooter (Spriggan Hunter)                   Turns: 4328, Time: 00:08:35

Health: -4/36      AC:  2    Str:  7    XL:     7   Next: 40%
Magic:  8/8        EV: 20    Int: 10    God:    Gozag
Gold:   808        SH:  0    Dex: 21    Spells: 6/6 levels left

rFire   . . .        a - +0 shortbow
rCold   . . .        (shield currently unavailable)
rNeg    . . .        c - +0 robe
rPois   .            (helmet restricted)
rElec   .            (no cloak)
rCorr   .            (gloves unavailable)
SInv    +            (boots unavailable)
Will    +....        (no amulet)
Stlth   +++          (no ring)
HPRegen 0.26/turn    (no ring)
MPRegen 0.11/turn

%: no passive effects
@: very quick
A: very small, no large weapons, unfitting armour, see invisible, speed 3
a: Renounce Religion, Potion Petition, Call Merchant, Bribe Branch


You were on level 6 of the Dungeon.
You worshipped Gozag.
Gozag was pleased with you.
You visited 2 branches of the dungeon, and saw 7 of its levels.
You also visited: Ossuary.

You collected 892 gold pieces.
You paid 84 gold pieces to Gozag.

Inventory:

Hand Weapons
 a - a +0 shortbow (weapon)
Armour
 c - a +0 robe (worn)
Jewellery
 g - an amulet of the acrobat
Wands
 o - a wand of flame (14)
 q - a wand of acid (14)
Scrolls
 b - a scroll of butterflies
 i - a scroll of noise {unknown}
 j - a scroll of poison {unknown}
 k - 2 scrolls of enchant armour {unknown}
 v - a scroll of immolation {unknown}
 w - a scroll of vulnerability {unknown}
 x - a scroll of silence {unknown}
Potions
 d - 4 potions of attraction {unknown}
 e - 2 potions of curing {unknown}
 f - 3 potions of might
 h - a potion of resistance
 l - 5 potions of brilliance
 m - 4 potions of haste {unknown}
 n - 3 potions of heal wounds
 p - 2 potions of berserk rage {unknown}
 r - a potion of cancellation {unknown}
 s - a potion of enlightenment {unknown}
 t - a potion of lignification {unknown}
 u - a potion of invisibility {unknown}


   Skills:
 + Level 3.0 Fighting
 + Level 7.3 Ranged Weapons
 + Level 4.9 Dodging
 + Level 5.1 Stealth


You had 6 spell levels left.
You didn't know any spells.
Your spell library contained the following spells:

 Spells                   Type           Power      Damage    Failure   Level
 Sandblast                Erth           0%         2d4       36%         1
 Shock                    Conj/Air       0%         1d3       36%         1
 Ensorcelled Hibernation  Hex/Ice        0%         N/A       50%         2
 Passwall                 Erth           0%         N/A       75%         3
 Swiftness                Air            0%         N/A       75%         3
 Airstrike                Air            0%         2d(0-16)  98%         4
 Manifold Assault         Tloc           0%         N/A       98%         4
 Lee's Rapid Deconstruct  Erth           0%         3d4*      100%        5
 Yara's Violent Unravell  Hex/Alch       0%         3d3       100%        5
 Bombard                  Conj/Erth      0%         9d1       100%        6
 Dispersal                Tloc           0%         N/A       100%        6
 Disjunction              Tloc           0%         N/A       100%        8


Dungeon Overview and Level Annotations

Branches:
Dungeon (6/15)             Temple (1/1) D:4         Ossuary (visited)

Altars:
Cheibriados
Dithmenos
Gozag
Kikubaaqudgha
Makhleb
Nemelex Xobeh
Qazlal
Ru
Uskayaw
Vehumet
Zin
The Shining One

Annotations:
D:4 Dowan, Duvessa


Innate Abilities, Weirdness & Mutations

You are very small and have problems with some larger weapons.
You are too small for most types of armour.
You have supernaturally acute eyesight. (SInv)
You cover ground extremely quickly. (Speed+++)


Message History

No target in view!
HP restored.
You now have enough gold to fund merchants seeking to open stores in the dungeon.
You now have 801 gold pieces (gained 11).
x - a scroll labelled VAEWNUNTAT You now have 808 gold pieces (gained 7).
A centaur comes into view.
A centaur is nearby!
A centaur is nearby!
You shoot an arrow.
The arrow completely misses the centaur.
The centaur shouts!
The centaur wields a +0 shortbow.
The centaur shoots an arrow.
The arrow hits you.
The centaur shoots an arrow.
The arrow misses you.
You shoot an arrow. The arrow closely misses the centaur.
The centaur shoots an arrow.
The arrow hits you.
You shoot an arrow. The arrow hits the centaur!
The centaur is moderately wounded.
The centaur shoots an arrow.
The arrow hits you!
The centaur shoots an arrow.
The arrow hits you.
You are too injured to fight recklessly!
You feel much better.
The centaur shoots an arrow.
The arrow completely misses you.
The centaur shoots an arrow.
The arrow closely misses you.
The centaur shoots an arrow.
The arrow misses you.
The centaur shoots an arrow.
The arrow misses you.
Fire: a) +0 shortbow
Press: ? - help, Q - select action, (/) - cycle Shift-Dir - straight line, f/p - centaur
Aim: a centaur, wielding a +0 shortbow (moderately wounded, 76% to hit)
You shoot an arrow.
The arrow hits the centaur but does no damage.
The centaur is moderately wounded.
The centaur shoots an arrow.
The arrow hits you!
The centaur shoots an arrow.
The arrow hits you!
The centaur shoots an arrow.
The arrow hits you.
The centaur shoots an arrow.
The arrow hits you!
* * * LOW HITPOINT WARNING * * *
The centaur shoots an arrow.
The arrow hits you!
You die...
Your body crumbles into a pile of gold.

#####.##### #.#
..........# #.#
#...#.###.# #.#
......# #.# #.#
#...#.###.###.##
##.##..........#
#.###########.## #.#
##...## ##'##
##....@## #...##
#.......# .....##
##.....## ......#
##.....#
.......####....#.#
.......+.......#.#
.......####...##.###
......## ##c......#
.....## #......#.#


You could see a centaur.

Vanquished Creatures
  An ogre (D:5)
  A phantom (D:5)
  A howler monkey (D:4)
  2 bombardier beetles
  2 hounds
  A sleepcap (D:6)
  3 iguanas
  8 mummies (Ossuary)
  4 gnolls (D:4)
  3 adders
  A shadow imp (D:5)
  2 ufetubi (D:6)
  2 ribbon worms
  2 dart slugs
  11 orcs
  7 ball pythons
  8 bats
  6 endoplasms
  3 giant cockroaches
  9 hobgoblins
  3 kobolds
  A quokka (D:2)
  5 frilled lizards
  A gnoll zombie (Ossuary)
  7 goblins
  2 hobgoblin zombies (Ossuary)
  2 kobold zombies (Ossuary)
  3 orc zombies (Ossuary)
  3 rats
104 creatures vanquished.

Notes
Turn   | Place    | Note
-------+----------+-------------------------------------------
     0 | D:1      | ces the Spriggan Hunter began the quest for the Orb.
     0 | D:1      | Reached XP level 1. HP: 10/10 MP: 2/2
   138 | D:1      | Reached XP level 2. HP: 14/14 MP: 3/3
   548 | D:2      | Reached skill level 5 in Ranged Weapons
   576 | D:2      | Reached XP level 3. HP: 18/18 MP: 4/4
  1138 | D:2      | Got the Cyclopedia of Esoterica and Topography
  1476 | D:3      | Reached XP level 4. HP: 18/22 MP: 5/5
  1515 | D:3      | Reached skill level 6 in Ranged Weapons
  1772 | D:4      | Reached XP level 5. HP: 25/25 MP: 6/6
  1856 | D:4      | Found a sparkling altar of Nemelex Xobeh.
  1958 | D:4      | Found a staircase to the Ecumenical Temple.
  1960 | D:4      | Noticed Duvessa
  1961 | D:4      | Noticed Dowan
  2188 | Temple   | Entered the Ecumenical Temple
  2193 | Temple   | Became a worshipper of Gozag Ym Sagoz the Greedy
  2242 | D:5      | Entered Level 5 of the Dungeon
  2300 | D:5      | Noticed an ogre
  2340 | D:5      | Killed an ogre
  2341 | D:5      | Reached XP level 6. HP: 30/30 MP: 7/7
  2576 | D:5      | Found a glowing silver altar of Zin.
  2576 | D:5      | Noticed an angel
  3068 | D:5      | Reached skill level 7 in Ranged Weapons
  3540 | D:6      | Reached XP level 7. HP: 35/35 MP: 8/8
  3696 | D:6      | Found Jyitug's Elemental Accessories.
  3847 | D:6      | Found a sand-covered staircase.
  3886 | Ossuary  | Entered an ossuary
  4248 | D:6      | Reached skill level 5 in Stealth
  4328 | D:6      | Shot with an arrow by a centaur

Illustrated notes

Levels and vault maps discovered:
D:1:      ebering_trefoil_twist, layout_rooms
D:2:      layout_loops_ring
D:3:      layout_rooms, minmay_circle_x
D:4:      layout_rooms, nemelex_spade_bored_becter,
          hellmonk_okawaru_the_only_friend_you_need,
          minmay_temple_entry_slanted, lemuel_flame_loot_1, uniq_duvessa
D:5:      layout_basic, zin_angel, nrook_uturn, kennysheep_generic_room_15
D:6:      layout_loops_corners, trog_butcher_becter,
          nicolae_ossuary_entry_monument, nicolae_elemental_shop
Temple:   hellmonk_temple_micro_hex

Skill      XL: |  1  2  3  4  5  6  7 |
---------------+----------------------+-----
Ranged Weapons | 5 6 7 |  7.3
Stealth        | 3 4 5 |  5.1
Dodging        | 3 4 |  4.9
Fighting       | 2 3 |  3.0

Action                     |  1- 3 |  4- 6 |  7- 9 || total
---------------------------+-------+-------+-------++-------
   Fire: Shortbow          |   140 |   151 |   113 ||   404
    Use: Scroll            |       |       |     5 ||     5
         Potion            |       |       |     1 ||     1
 Armour: Robe              |    11 |    14 |    22 ||    47
  Dodge: Dodged            |    38 |    36 |    45 ||   119
